 Dungeon Crawl Stone Soup version 0.22-a0-305-gd21a89c (webtiles) character file.

742 xccam the Cleaver (level 8, 0/87 HPs)
             Began as a Formicid Fighter on Mar 31, 2018.
             Succumbed to Sigmund's poison
             ... on level 5 of the Dungeon.
             The game lasted 00:05:48 (2473 turns).

xccam the Cleaver (Formicid Fighter)                Turns: 2473, Time: 00:05:48

Health: 0/87       AC: 24    Str: 20 (22) XL:     8   Next: 5%
Magic:  8/8        EV:  2    Int:  7 (9)  God:
Gold:   317        SH:  9    Dex:  8 (10) Spells: 7/7 levels left

rFire    + . .     SeeInvis .   a - +0 war axe
rCold    + . .     Gourm    .   c - +0 shield
rNeg     + + +     Faith    .   (armour currently unavailable)
rPois    +         Spirit   .   (helmet unavailable)
rElec    +         Reflect  .   (cloak currently unavailable)
rCorr    +         Harm     .   (gloves currently unavailable)
MR       .....                  (boots currently unavailable)
Stlth    +.........             (no amulet)
HPRegen  0.24/turn              (no ring)
MPRegen  0.11/turn              (no ring)

@: lethally poisoned (0 -> -3), tree-form, resistant
A: permanent stasis, dig shafts and tunnels, four strong arms, high mp 1
a: no special abilities


You were on level 5 of the Dungeon.
You were hungry.
You were a tree.
You visited 1 branch of the dungeon, and saw 5 of its levels.

You collected 317 gold pieces.

Inventory:

Hand Weapons
 a - a +0 war axe (weapon)
Armour
 b - a +0 scale mail (melded)
 c - a +0 shield (worn)
 d - a +0 pair of gloves (melded)
 l - a +0 pair of boots (melded)
 w - a +1 plate armour
Jewellery
 v - an uncursed ring of ice
Scrolls
 g - 5 scrolls of identify
 i - 6 scrolls of teleportation
 j - 4 scrolls of remove curse
 q - 3 scrolls of amnesia
Potions
 e - 3 potions of brilliance
 h - a potion of magic
 n - 2 potions of cancellation
 p - 2 potions of lignification
Comestibles
 f - 11 rations


   Skills:
 - Level 3.2 Fighting
 + Level 8.6 Axes
 - Level 3.2 Armour
 - Level 3.6 Shields


You had 7 spell levels left.
You didn't know any spells.

Dungeon Overview and Level Annotations

Branches:
Dungeon (5/15)
 Temple: D:4-7

Altars:
Gozag
Kikubaaqudgha
Xom


Innate Abilities, Weirdness & Mutations

You cannot be hasted, slowed, berserked, paralysed or teleported.
You can dig through walls and to a lower floor.
Your four strong arms can wield two-handed weapons with a shield.
((You have a pair of large antennae on your head. (SInv)))
You have an increased reservoir of magic. (+10% MP)
((You are covered in fur. (AC +1)))


Message History

* * * LOW HITPOINT WARNING * * *
You feel sick.
As you read the scroll labeled XUEMOXK FESOOS, it crumbles to dust.
The air around you briefly surges with heat, but it dissipates.
It was a scroll of immolation.
As you read the scroll labeled KIPNAHAEWK, it crumbles to dust.
You feel aware of your surroundings.
You sensed 4 altars.
It was a scroll of magic mapping.
* * * LOW HITPOINT WARNING * * *
You feel sick.
As you read the scroll labeled SYJEDI YSTIKK, it crumbles to dust.
Your stasis prevents you from teleporting.
It was a scroll of blinking.
* * * LOW HITPOINT WARNING * * *
You feel sick.
Okay, then.
You are stuck in your current form!
* * * LOW HITPOINT WARNING * * *
You feel sick.
You die...

,,,,,,,,*,,,*,,,,...###+####.....
,,,,,,,,*+***,,,,,...............
****+*,.......*****#.............
,,,,,*,.......* #.............
,,,,,*,.......* #.............
,,,,,+,.......* #.............
,,,***,.......#######'###########
*********#.....#...##.....#,,,,,#
*,,,,,#<....#♣...'.....#,,,,,#
*,,,,,#...).'[...#.....#,,,,,#
*,,,,,#.....#...##....##**+**#
*,,,,,#.....#...##....#**,,,,.
*,,,,,#.....#...#.......*,,,..
***+**#.....######......#,,...
*,,,,,#####..,,,,#......#,....
*,,,,,*,,,#.$,,,,*......#,,...
*,,,,,+,,,#..,,,,*,,,,,,*,,,,,


There were no monsters in sight!

Vanquished Creatures
  Sigmund (D:5)
  An ogre (D:4)
  2 scorpions (D:4)
  A crimson imp (D:5)
  A centaur skeleton (D:4)
  5 orc wizards
  A hound skeleton (D:5)
  9 adders
  An ooze (D:4)
  2 worms
  2 dart slugs
  3 leopard geckos
  12 orcs
  7 giant cockroaches
  6 goblins
  6 hobgoblins
  3 jackals (D:3)
  18 kobolds
  2 ball pythons
  10 bats
  9 frilled lizards
  A leopard gecko skeleton (D:4)
  A quokka skeleton (D:4)
  4 rats
  2 rat zombies (D:4)
  A fungus (D:4)
111 creatures vanquished.

Notes
Turn   | Place    | Note
-------+----------+-------------------------------------------
     0 | D:1      | xccam the Formicid Fighter began the quest for the Orb.
     0 | D:1      | Reached XP level 1. HP: 18/18 MP: 1/1
    67 | D:1      | Reached XP level 2. HP: 24/24 MP: 2/2
   184 | D:1      | Reached skill level 3 in Axes
   311 | D:1      | Reached XP level 3. HP: 20/29 MP: 3/3
   593 | D:2      | Reached skill level 4 in Axes
   593 | D:2      | Reached XP level 4. HP: 30/35 MP: 4/4
   759 | D:2      | Found an opulent altar of Gozag.
   767 | D:2      | Found a shimmering altar of Xom.
  1087 | D:3      | Reached XP level 5. HP: 31/41 MP: 5/5
  1093 | D:3      | Reached skill level 5 in Axes
  1700 | D:4      | Noticed an ogre
  1705 | D:4      | Reached skill level 6 in Axes
  1705 | D:4      | Reached XP level 6. HP: 26/47 MP: 6/6
  1706 | D:4      | Killed an ogre
  2077 | D:4      | Reached skill level 7 in Axes
  2077 | D:4      | Reached XP level 7. HP: 52/52 MP: 7/7
  2351 | D:4      | Found an ancient bone altar of Kikubaaqudgha.
  2397 | D:5      | Entered Level 5 of the Dungeon
  2437 | D:5      | Noticed Sigmund
  2453 | D:5      | Killed Sigmund
  2453 | D:5      | Reached skill level 8 in Axes
  2453 | D:5      | Reached XP level 8. HP: 20/58 MP: 8/8
  2463 | D:5      | Gained mutation: You are covered in fur. (AC +1) [potion of mutation]
  2463 | D:5      | Gained mutation: You have an increased reservoir of magic. (+10% MP) [potion of mutation]
  2465 | D:5      | HP: 4/87 [poisoned by Sigmund]
  2470 | D:5      | HP: 2/87 [poisoned by Sigmund]
  2473 | D:5      | Succumbed to Sigmund's poison

Vault maps used:
D:1:      evilmike_arrival_plus, minmay_fountain_box
D:2:      grunt_temple_overflow_open
D:4:      lemuel_zombie_altar_kikubaaqudgha, minmay_gold_behind_fungi
D:5:      chequers_temple_overflow_statue_of_worship, first_ration, uniq_sigmund

Skill      XL: |  1  2  3  4  5  6  7 |
---------------+----------------------+-----
Axes           | 3 4 6 7 8 |  8.6
Fighting       | |  3.2
Armour         | |  3.2
Shields        | |  3.6

Action                   |  1- 3 |  4- 6 |  7- 9 || total
-------------------------+-------+-------+-------++-------
Melee: War axe           |   115 |   199 |    47 ||   361
  Use: Potion            |       |     1 |     8 ||     9
       Scroll            |       |       |     7 ||     7
  Eat: Chunk             |       |     4 |     1 ||     5
Armor: Scale mail        |    84 |    83 |    27 ||   194
Dodge: Dodged            |    48 |    64 |    12 ||   124
Block: Shield            |   108 |   129 |    29 ||   266

Table legend:
 A = Spawn XP
 B = Non-spawn XP
 C = Spawn XP percentage of total XP
 D = Spawn monster count
 E = Non-spawn monster count
 F = Spawn count percentage of total count
 G = Total turns spent on level
                    A         B        C        D         E        F      G
               +---------+---------+-------+---------+---------+-------+---------
         Total |       0 |    1060 |   0.0 |       0 |     110 |   0.0 |  2473
               +---------+---------+-------+---------+---------+-------+---------
           D:1 |       0 |      47 |   0.0 |       0 |      27 |   0.0 |   446
           D:2 |       0 |      67 |   0.0 |       0 |      24 |   0.0 |   599
           D:3 |       0 |     148 |   0.0 |       0 |      34 |   0.0 |   655
           D:4 |       0 |     492 |   0.0 |       0 |      21 |   0.0 |   697
           D:5 |       0 |     306 |   0.0 |       0 |       4 |   0.0 |    76
               +---------+---------+-------+---------+---------+-------+---------
